 Dungeon Crawl Stone Soup version 0.28-a0-691-gad6df49 (webtiles) character file.

Game seed: 14345283149894378362

81 NeededCrab the Caller (level 4, -3/30 HPs)
             Began as a Barachi Summoner on Oct 19, 2021.
             Slain by Grinder (9 damage)
             ... on level 3 of the Dungeon on Oct 20, 2021.
             The game lasted 00:08:40 (3127 turns).

NeededCrab the Caller (Barachi Summoner)            Turns: 3127, Time: 00:08:41

Health: -3/30      AC:  4    Str: 10    XL:     4   Next: 42%
Magic:  2/8        EV: 16    Int: 15    God:
Gold:   24         SH:  0    Dex: 13    Spells: 2/8 levels left

rFire   + . .      SeeInvis .   d - +0 short sword
rCold   + . .      Faith    .   (no shield)
rNeg    . . .      Spirit   .   i - +1 robe {rC+ rF+}
rPois   .          Reflect  .   (no helmet)
rElec   .          Harm     .   q - +0 cloak
rCorr   .          Rampage  .   (no gloves)
Will    .....                   (no boots)
Stlth   ++........              (no amulet)
HPRegen 0.10/turn               p - +4 ring of evasion
MPRegen 0.11/turn               (no ring)

@: slow
A: amphibious, slowness 1, strong legs 1, +LOS
a: Hop


You were on level 3 of the Dungeon.
You visited 1 branch of the dungeon, and saw 3 of its levels.

You collected 73 gold pieces.
You spent 49 gold pieces at shops.

Inventory:

Hand Weapons
 d - a +0 short sword (weapon)
Armour
 b - a +0 scale mail
 c - a +0 chain mail
 h - a +2 buckler
 i - a +1 robe of resistance (worn)
 j - a +0 leather armour
 o - a +0 plate armour
 q - a +0 cloak (worn)
 s - a +4 chain mail of willpower
Jewellery
 p - a +4 ring of evasion (left hand)
Scrolls
 a - 2 scrolls of vulnerability {unknown}
 e - a scroll of torment {unknown}
 k - a scroll of enchant armour {unknown}
 l - 5 scrolls of identify {unknown}
 m - a scroll of holy word {unknown}
Potions
 f - a potion of curing
 g - 2 potions of might {unknown}
 n - a potion of cancellation {unknown}
 r - a potion of attraction {unknown}


   Skills:
 - Level 1.0 Long Blades
 - Level 1.0 Armour
 - Level 2.1 Dodging
 - Level 1.7 Stealth
 * Level 1.9 Shields
 + Level 2.8 Spellcasting
 + Level 5.7 Summonings


You had 2 spell levels left.
You knew the following spells:

 Your Spells              Type           Power      Damage    Failure   Level
a - Summon Small Mammal   Summ           76%        N/A       1%          1
b - Call Imp              Summ           19%        N/A       3%          2
c - Call Canine Familiar  Summ           19%        N/A       6%          3

Your spell library contained the following spells:

 Spells                   Type           Power      Damage    Failure   Level
 Sandblast                Erth           4%         2d4       21%         1
 Passwall                 Tmut/Erth      1%         N/A       30%         2
 Summon Guardian Golem    Hex/Summ       10%        N/A       19%         3
 Stone Arrow              Conj/Erth      4%         3d7       52%         3
 Summon Lightning Spire   Summ/Air       10%        N/A       52%         4


Dungeon Overview and Level Annotations

Branches:
Dungeon (3/15)

Altars:

Shops:
D:3 *

Annotations:
D:3 Grinder, Ijyb


Innate Abilities, Weirdness & Mutations

You are amphibious.
You cover ground slowly.
You can hop short distances.
You have an extended range of vision and can be seen from far away.


Message History

You swap places.
Things that are here:
a +0 leather armour; 2 boomerangs of dispersal; a +0 hand axe Unknown command.
You swap places.
Things that are here:
a +0 vorpal hand axe; a +4 chain mail of willpower; an orc corpse
s - a +4 chain mail of willpower Your hound disappears in a puff of smoke!
Found a stone staircase leading down.
l - 5 scrolls labelled TIMNOECUGG (gained 1) Grinder comes into view.
Grinder shouts!
Grinder gestures at you. Pain shoots through your body!
Casting: Call Imp (safe; 3% risk of failure)
Confirm with . or Enter, or press ? or * to list all spells.
Grinder grins, showing sharp teeth.
Grinder blinks!
Your hound closely misses Grinder.
Casting: Call Canine Familiar (dangerous; 6% risk of failure)
Confirm with . or Enter, or press ? or * to list all spells.
A beastly little devil appears in a puff of flame.
Your hound bites Grinder.
Grinder gestures at you. Pain shoots through your body!
Your hound bites Grinder but does no damage.
You hit Grinder.
Grinder is lightly wounded.
Grinder hits you.
You writhe in agony.
* * * LOW HITPOINT WARNING * * *
A stone appears from out of your range of vision.
The stone hits your hound.
Your hound barely misses Grinder.
Your crimson imp barely misses Grinder.
Grinder barely misses you.
Casting: Call Imp (safe; 3% risk of failure)
Confirm with . or Enter, or press ? or * to list all spells.
Your hound closely misses Grinder.
Your hound bites Grinder.
Your crimson imp closely misses Grinder.
Grinder says, "Tell me all your secrets, or I'll kill you."
Grinder hits you!
You die...

##.........♣.♣ .⌠
............♣ ..
............# #♣.
.#..........# ♣..
.##........## ♣.♣
.##........## ♣.♣
##..........# ♣h♣♣
#.....>....# ♣55♣
#..........##♣♣@♣
#.............♣.♣#
#..........##.r♣.#
##........###....#
##......## ######
########


You could see Grinder (ally target), a friendly hound (summoned), a friendly
crimson imp (summoned) and a friendly quokka (summoned).

Vanquished Creatures
  An adder (D:3)
  A ball python (D:3)
  A giant cockroach (D:3)
  2 hobgoblins
  2 jackals (D:2)
  2 bats
  A frilled lizard (D:3)
  3 kobolds (D:2)
13 creatures vanquished.

Vanquished Creatures (collateral kills)
  An adder (D:3)
  A worm (D:2)
  2 dart slugs
  4 orcs
  6 ball pythons
  3 bats (D:3)
  3 endoplasms
  2 giant cockroaches
  A hobgoblin (D:1)
  2 jackals (D:2)
  3 kobolds
  3 quokkas
  2 frilled lizards
  2 goblins
  A rat (D:2)
36 creatures vanquished.

Vanquished Creatures (others)
  An orc (D:3)
1 creature vanquished.

Grand Total: 50 creatures vanquished

Notes
Turn   | Place    | Note
-------+----------+-------------------------------------------
     0 | D:1      | NeededCrab the Barachi Summoner began the quest for the
                  | Orb.
     0 | D:1      | Reached XP level 1. HP: 13/13 MP: 3/3
   425 | D:1      | Reached skill level 5 in Summonings
   465 | D:1      | Reached XP level 2. HP: 19/19 MP: 1/5
   468 | D:1      | Learned a level 2 spell: Call Imp
   949 | D:1      | Reached skill level 1 in Long Blades
   949 | D:1      | Reached skill level 1 in Armour
  1405 | D:2      | Upgraded the game from 0.28-a0-687-gb91baff to
                  | 0.28-a0-691-gad6df49
  1519 | D:2      | Reached XP level 3. HP: 24/24 MP: 3/6
  1832 | D:2      | Learned a level 3 spell: Call Canine Familiar
  2075 | D:2      | Reached skill level 1 in Shields
  2587 | D:3      | Reached XP level 4. HP: 25/30 MP: 8/8
  2696 | D:3      | Noticed Ijyb
  2841 | D:3      | Found Unta's General Store.
  2855 | D:3      | Bought a +0 cloak for 49 gold pieces
  3121 | D:3      | Noticed Grinder
  3127 | D:3      | Slain by Grinder

Illustrated notes

Levels and vault maps discovered:
D:1:      co_arrival_square_in_a_square_in_a_square, layout_basic,
          minmay_misc_feat_secret_circle
D:2:      layout_basic, minmay_crystal_room, kennysheep_minor_cross
D:3:      layout_rooms, shapermc_ecumenical_altar_totnotflames, serial_shops,
          shop, uniq_grinder, uniq_ijyb

Skill      XL: |  1  2  3 |
---------------+----------+-----
Summonings     | 5 |  5.7
Long Blades    | 1 |  1.0
Armour         | 1 |  1.0
Shields        | 1 |  1.9
Dodging        | |  2.1
Stealth        | |  1.7
Spellcasting   | |  2.8

Action                   |  1- 3 |  4- 6 || total
-------------------------+-------+-------++-------
Melee: Unarmed           |     9 |       ||     9
       Short sword       |    39 |    28 ||    67
 Cast: Summon Small Mamm |    45 |     3 ||    48
       Call Imp          |    17 |     4 ||    21
       Call Canine Famil |       |     4 ||     4
 Abil: Hop               |     2 |       ||     2
 Stab: Sleeping          |     1 |     1 ||     2
       Distracted        |       |     3 ||     3
Armor: Robe              |    20 |     9 ||    29
Dodge: Dodged            |    46 |    23 ||    69

Table legend: (Time is in decaauts)
 A = Elapsed time spent in this place.
 B = Non-inter-level travel time spent in this place.
 C = Inter-level travel time spent in this place.
 D = Time resting spent in this place.
 E = Time spent auto-exploring this place.
 F = Levels seen in this place.
 G = Mean time per level.
                   A        B        C        D        E       F      G
               +--------+--------+--------+--------+--------+-----+--------+
         Total |   3433 |   3238 |    195 |    156 |   2482 |   3 | 1144.3 |
       Dungeon |   3433 |   3238 |    195 |    156 |   2482 |   3 | 1144.3 |
               +--------+--------+--------+--------+--------+-----+--------+

Top non-repeatable levels by time:
     D:2: 1552 daAuts
     D:1: 1293 daAuts
     D:3: 587 daAuts
